AoeStats
← CursedDice

Hideout

507144720Analyzed
1v1 RM · 16d ago on Sep 16, 2026· 67m 40s· 2 players
Game mode
Random Map
Map size
Tiny (2 player)
Population
200
Speed
Normal
Resources
Standard
Victory
Conquest
Starting age
Dark Age
Ending age
Imperial Age
RankedLock teamsTeams togetherTeam positionsShared explorationLock speedFull tech treeHidden civsTurbo modeCheats
Victory
Defeat
🇪🇸 Portuguese · Spain
797
+14
🇬🇮 Ethiopians · Gibraltar
754
-14
CursedDice
4:56 Loom
11:18 Feudal Age
16:45 Castle Age
14:47 Double-Bit Axe
14:56 Stone Mining
15:03 Horse Collar
16:02 Gold Mining
17:09 Wheelbarrow
22:03 Bow Saw
22:39 Stone Shaft Mining
24:34 Hand Cart
30:30 Ballistics
30:33 Circumnavigation
33:35 Masonry
33:08 Treadmill Crane
33:23 Murder Holes
36:52 Imperial Age
34:08 Town Watch
35:09 Thumb Ring
34:25 Elite Skirmisher
35:12 Fletching
35:32 Forging
36:11 Town Patrol
39:12 Chemistry
38:43 Architecture
38:19 Siege Engineers
37:41 Capped Ram
38:56 Conscription
38:39 Arquebus
39:11 Onager
41:59 Guilds
41:17 Elite Organ Gun
41:39 Pikeman
42:05 Gambesons
42:13 Arson
42:32 Bodkin Arrow
43:12 Iron Casting
42:39 Scale Mail Armor
43:18 Halberdier
46:24 Chain Mail Armor
46:46 Iron Casting
46:12 Bracer
Hasdrubal
9:51 Feudal Age
10:47 Loom
12:51 Double-Bit Axe
16:25 Castle Age
15:54 Horse Collar
16:28 Town Watch
17:19 Wheelbarrow
19:53 Bow Saw
22:03 Heavy Plow
26:07 Hand Cart
26:36 Crossbowman
27:58 Fletching
28:33 Ballistics
32:28 Imperial Age
31:18 Bodkin Arrow
34:19 Chemistry
32:54 Light Cavalry
33:35 Husbandry
33:48 Bracer
34:05 Forging
34:01 Scale Barding Armor
35:05 Two-Man Saw
35:48 Padded Archer Armor
38:12 Chain Barding Armor
38:28 Iron Casting
38:31 Murder Holes
38:46 Masonry
38:42 Siege Engineers
38:50 Thumb Ring
45:48 Hussar
46:44 Elite Skirmisher
53:57 Onager
55:06 Squires
54:51 Arson
57:15 Leather Archer Armor
Connection lost

Rejoining the realm…

Still unreachable

The connection could not be restored.

Session expired

The server has moved on; the page needs a fresh start.